 Dungeon Crawl Stone Soup version 0.31-a0-1074-g0b22e4e0f1 (webtiles) character file.

Game seed: 5387551646997377983

37783 Smoke131 the Deadly Accurate (level 13, -7/149 HPs)
             Began as an Ogre Gladiator on Nov 30, 2023.
             Was the Champion of Okawaru.
             Killed from afar by a manticore (9 damage)
             ... with a volley of spikes
             ... on level 3 of the Lair of Beasts on Dec 1, 2023.
             The game lasted 01:18:38 (19247 turns).

Smoke131 the Deadly Accurate (Ogre Gladiator)      Turns: 19247, Time: 01:18:39

Health: -7/149     AC: 15    Str: 29    XL:     13   Next: 98%
Magic:  20/20      EV: 10    Int:  9    God:    Okawaru [******]
Gold:   1030       SH:  5    Dex: 10    Spells: 12/12 levels left

rFire   . . .        L - +1 executioner's axe (vamp)
rCold   . . .        (shield currently unavailable)
rNeg    . . .        D - +0 troll leather armour
rPois   .            g - +5 hat of the Endless Runes {Rampage +Inv Fly}
rElec   .            w - +1 cloak
rCorr   +            (gloves unavailable)
SInv    +            (boots unavailable)
Will    +....        l - amulet of Muimn {Reflect SH+5 SInv Stlth+}
Stlth   +++          v - ring of Axzudiwk {rCorr Str+4 SInv Stlth+}
HPRegen 1.24/turn    c - +4 ring of protection
MPRegen 0.17/turn

%: reflection, rampage
@: lethally poisoned (-7 -> -8), spiked, on berserk cooldown, flying, slowed,
very slow
A: large, unfitting armour, tough skin 1
a: Renounce Religion, Evoke Invisibility, Heroism, Finesse, Duel, Receive Armour


You were on level 3 of the Lair of Beasts.
You worshipped Okawaru.
Okawaru was exalted by your worship.
You visited 3 branches of the dungeon, and saw 15 of its levels.

You collected 1030 gold pieces.

Inventory:

Hand Weapons
 F - the +7 whip "Eshrarph" {freeze, rElec rPois rC+++ Dex+2}
   (You found it on level 7 of the Dungeon)

   Dex+2:     It affects your dexterity (+2).
   rC+++:     It renders you almost immune to cold.
   rElec:     It insulates you from electricity.
   rPois:     It protects you from poison
 L - a +1 vampiric executioner's axe (weapon)
Missiles
 d - 7 throwing nets
 e - 20 large rocks (quivered)
 j - 9 boomerangs
 n - 39 poisoned darts
 p - 5 atropa-tipped darts
 r - 4 silver javelins
 I - 7 curare-tipped darts
Armour
 g - the +5 hat of the Endless Runes (worn) {Rampage +Inv Fly}
   (You acquired it on level 3 of the Dungeon)

   +Inv:      It lets you turn invisible.
   Fly:       It grants you flight.
   Rampage:   It bestows one free step when moving towards enemies.
 o - the +1 robe "Suhenn" {rF++}
   (You found it on level 4 of the Dungeon)

   rF++:      It greatly protects you from fire.
 w - a +1 cloak (worn)
 D - a +0 troll leather armour (worn)
Jewellery
 c - a +4 ring of protection (right hand)
 l - the amulet of Muimn (around neck) {Reflect SH+5 SInv Stlth+}
   (You took it off an arcanist on level 11 of the Dungeon)

   [amulet of reflection]

   Reflect:   It reflects blocked missile attacks.
   SInv:      It lets you see invisible.
   SH+5:      It affects your SH (+5).
   Stlth+:    It makes you more stealthy.
 v - the ring of Axzudiwk (left hand) {rCorr Str+4 SInv Stlth+}
   (You took it off a centaur warrior on level 11 of the Dungeon)

   [ring of resist corrosion]

   Str+4:     It affects your strength (+4).
   SInv:      It lets you see invisible.
   rCorr:     It protects you from acid and corrosion.
   Stlth+:    It makes you more stealthy.
 B - a +5 ring of evasion
 C - the ring "Lomosyloet" {rPois rN+ rCorr Stlth+}
   (You took it off a rakshasa on level 11 of the Dungeon)

   [ring of resist corrosion]

   rPois:     It protects you from poison rN+: It protects you from negative
   energy.
   rCorr:     It protects you from acid and corrosion.
   Stlth+:    It makes you more stealthy.
 J - the ring "Oboojaso" {Slay+3 SInv}
   (You found it on level 11 of the Dungeon)

   [ring of see invisible]

   Slay+3:    It affects your accuracy & damage with ranged weapons and melee
   (+3).
   SInv:      It lets you see invisible.
 N - a +6 ring of dexterity
Wands
 f - a wand of digging (8)
 i - a wand of mindburst (13)
 q - a wand of quicksilver (4)
 t - a wand of roots (25)
 x - a wand of flame (15)
 A - a wand of paralysis (6)
Scrolls
 a - a scroll of revelation
 s - a scroll of amnesia
 u - 3 scrolls of enchant armour
 z - a scroll of vulnerability
 E - 4 scrolls of identify
 H - a scroll of enchant weapon
Potions
 b - 4 potions of enlightenment
 h - 3 potions of cancellation
 k - 2 potions of curing
 m - a potion of lignification
 K - 3 potions of mutation


   Skills:
 - Level 15.0 Fighting
 + Level 10.5 Axes
 - Level 16.0 Throwing
 - Level 3.0 Dodging
 - Level 10.0 Invocations


You had 12 spell levels left.
You didn't know any spells.
Your spell library contained the following spells:

 Spells                   Type           Power      Damage    Failure   Level
 Ensorcelled Hibernation  Hex/Ice        0%         N/A       56%         2
 Passwall                 Tmut/Erth      0%         N/A       56%         2
 Ozocubu's Armour         Ice            0%         N/A       80%         3
 Sigil of Binding         Hex            0%         N/A       80%         3
 Swiftness                Air            0%         N/A       80%         3
 Brom's Barrelling Bould  Conj/Erth      0%         2d3       99%         4
 Dimensional Bullseye     Hex/Tloc       0%         N/A       99%         4
 Iskenderun's Mystic Bla  Conj/Tloc      0%         2d3       99%         4
 Leda's Liquefaction      Hex/Erth       0%         N/A       99%         4
 Borgnjor's Vile Clutch   Necr/Erth      0%         N/A       100%        5
 Fireball                 Conj/Fire      0%         3d3       100%        5
 Iskenderun's Battlesphe  Conj           0%         2d6       100%        5
 Conjure Ball Lightning   Conj/Air       0%         3x3d6     100%        6
 Orb of Destruction       Conj           0%         9d5       100%        7
 Ozocubu's Refrigeration  Ice            0%         4d7       100%        7
 Call Canine Familiar     Summ           Unusable   N/A       N/A         3
 Tukima's Dance           Hex            Unusable   N/A       N/A         3
 Animate Dead             Necr           Unusable   N/A       N/A         4
 Death Channel            Necr           Unusable   N/A       N/A         6

Dungeon Overview and Level Annotations

Branches:
Dungeon (11/15)            Temple (1/1) D:6            Lair (3/5) D:11
 Spider (0/4) Lair:2          Orc (0/2) D:11
  Swamp: Lair:2-3    Shoals: Lair:2-3

Altars:
Ashenzari
Cheibriados
Dithmenos
Elyvilon
Fedhas
Gozag
Hepliaklqana
Kikubaaqudgha
Makhleb
Nemelex Xobeh
Okawaru
Qazlal
Ru
Sif Muna
Trog
Uskayaw
Vehumet
Wu Jian
Xom
Yredelemnul
Zin
The Shining One

Annotations:
D:11 1 runed translucent door


Innate Abilities, Weirdness & Mutations

You are too large for most types of armour.
You have tough skin. (AC +1)


Message History

The killer bee closely misses you. The killer bee stings you.
* * * LOW HITPOINT WARNING * * *
The killer bee closely misses you.
The meliai calls down the wrath of its god upon you.
Something smites you!
* * * LOW HITPOINT WARNING * * *
The killer bee stings you but does no damage. x3
A manticore comes into view.
The killer bee barely misses you. You block the killer bee's attack.
You slice the killer bee!!
You kill the killer bee!
Okawaru accepts your kill.
You barely miss the meliai. You slice the killer bee!!
You feel better.
You kill the killer bee!
Okawaru accepts your kill.
You feel sick.
The meliai mumbles some strange prayers to its god against you.
Something smites you!
* * * LOW HITPOINT WARNING * * *
The meliai hits you with a +0 hand axe!
* * * LOW HITPOINT WARNING * * *
The meliai stings you but does no damage.
You block the killer bee's attack. The meliai completely misses you.
The meliai barely misses you.
The killer bee stings you but does no damage.
The meliai hits you with a +0 hand axe!
* * * LOW HITPOINT WARNING * * *
The meliai stings you.
* * * LOW HITPOINT WARNING * * *
Training target 15.0 for Fighting reached!
Your Fighting skill increases to level 15!
As you read the scroll of fear, it crumbles to dust.
You assume a fearsome visage.
The meliai looks frightened!
The manticore resists with some effort.
The killer bee looks frightened!
You feel sick.
A basilisk comes into view.
The manticore flicks its tail.
The volley of spikes hits you!
The barbed spikes become lodged in your body.
You die...

#...#.....#### .....
#.#.#.....#####
...l## ##
##.........# .#...#
##.......P.##....#
##.#..........yy#H..#
.............P..†#
.......††........###
..............†≈...#
..............†@†#.#
...................#
#.#P#P.............#
#
####.................
#..................
##.................
..................
................
...............


You could see a manticore, a basilisk (wandering), a meliai (fleeing) and a
killer bee (fleeing).

Vanquished Creatures
  A catoblepas (Lair:2)
  A rakshasa (D:11)
  2 boulder beetles
  2 centaur warriors
  2 two-headed ogres
  2 death yaks (D:11)
  Amaemon (Lair:2)
  Nergalle (Lair:1)
  A bog body (Lair:1)
  An arcanist (D:11)
  An orc knight (D:10)
  2 manticores (D:11)
  An oklob plant (Lair:2)
  2 ugly things (D:11)
  4 cyclopes (D:11)
  6 elephants
  2 black mambas
  An orange demon (Lair:2)
  An ice statue (Lair:1)
  2 gargoyles (D:10)
  5 cane toads
  3 rime drakes
  8 komodo dragons
  3 kobold demonologists (D:10)
  A freezing wraith (Lair:1)
  2 ice devils
  4 trolls
  A polar bear (Lair:1)
  A hornet (D:11)
  4 blink frogs (Lair:1)
  A jumping spider (Lair:2)
  A shadow (D:11)
  4 culicivoras (Lair:2)
  A wraith (D:10)
  16 yaks
  6 wyverns
  6 basilisks
  A steam dragon (D:7)
  2 redbacks (Lair:2)
  8 vampire mosquitoes
  3 swamp worms (Lair:2)
  An acid dragon (D:11)
  8 water moccasins
  A swamp drake (D:10)
  A sky beast (D:7)
  4 orc warriors
  An ice beast (D:7)
  4 black bears
  9 wolves
  5 centaurs
  6 kobold brigands
  5 bullfrogs
  A scorpion (D:6)
  A two-headed ogre simulacrum (Lair:1)
  A cane toad simulacrum (Lair:1)
  3 gnoll sergeants
  49 killer bees
  3 howler monkeys (D:8)
  The ghost of THTSBRD the Grave Robber, a weakling DsNe (D:3)
  3 jellies
  5 hounds
  A gnoll bouda (D:7)
  7 orc priests
  Crazy Yiuf (D:4)
  12 orc wizards
  A sleepcap (D:5)
  A polar bear simulacrum (Lair:1)
  A hell rat (Lair:3)
  2 troll simulacra (Lair:1)
  23 gnolls
  3 adders
  A shadow imp (D:8)
  A white imp (D:6)
  3 worms
  A dart slug (D:4)
  53 orcs
  7 ball pythons
  6 bats
  4 endoplasms
  3 giant cockroaches
  3 hobgoblins
  10 jackals
  26 kobolds
  7 quokkas
  5 frilled lizards
  7 goblins
  8 rats
426 creatures vanquished.

Notes
Turn   | Place    | Note
-------+----------+-------------------------------------------
     0 | D:1      | Smoke131 the Ogre Gladiator began the quest for the Orb.
     0 | D:1      | Reached XP level 1. HP: 22/22 MP: 1/1
    83 | D:1      | Reached XP level 2. HP: 28/29 MP: 2/2
  1018 | D:2      | Reached XP level 3. HP: 37/37 MP: 3/3
  1221 | D:2      | Reached XP level 4. HP: 15/48 MP: 4/4
  1818 | D:2      | Found a faded altar of an unknown god.
  1969 | D:3      | Reached skill level 3 in Throwing
  1989 | D:3      | Reached XP level 5. HP: 19/54 MP: 5/5
  2305 | D:3      | Found a runed translucent door.
  2307 | D:3      | Noticed THTSBRD's ghost (weakling DsNe)
  3076 | D:3      | Found a snail-covered altar of Cheibriados.
  3384 | D:4      | Reached skill level 5 in Fighting
  3384 | D:4      | Reached XP level 6. HP: 39/66 MP: 6/6
  3523 | D:4      | Identified the +1 robe "Suhenn" {rF++}
  3606 | D:4      | Reached skill level 4 in Throwing
  4510 | D:4      | Found a runed translucent door.
  4511 | D:4      | Noticed Crazy Yiuf
  4524 | D:4      | Killed Crazy Yiuf
  4525 | D:4      | Reached skill level 5 in Axes
  4597 | D:5      | Entered Level 5 of the Dungeon
  4649 | D:5      | Reached skill level 5 in Throwing
  4649 | D:5      | Reached XP level 7. HP: 53/72 MP: 7/7
  5946 | D:6      | Reached XP level 8. HP: 80/83 MP: 8/8
  6018 | D:6      | Reached skill level 6 in Throwing
  6134 | D:6      | Found a staircase to the Ecumenical Temple.
  6176 | D:6      | You fall into a shaft and drop 1 floor!
  6435 | D:7      | Identified the +7 whip "Eshrarph" {freeze, rElec rPois
                  | rC+++ Dex+2}
  6872 | Temple   | Entered the Ecumenical Temple
  6892 | Temple   | Became a worshipper of Warmaster Okawaru
  7187 | D:7      | Reached skill level 7 in Throwing
  7187 | D:7      | Reached XP level 9. HP: 96/96 MP: 9/9
  7635 | D:8      | Reached * piety under Okawaru
  8015 | D:8      | Reached skill level 8 in Throwing
  8349 | D:8      | Reached skill level 10 in Fighting
  8554 | D:8      | Reached ** piety under Okawaru
  8555 | D:8      | Reached XP level 10. HP: 86/110 MP: 10/10
  8725 | D:9      | Reached skill level 9 in Throwing
  9161 | D:9      | Identified the +1 morningstar "Ygohy" {drain, rElec rPois
                  | rN+}
  9161 | D:9      | Noticed a centaur warrior
  9995 | D:9      | Killed a centaur warrior
  9995 | D:9      | Reached *** piety under Okawaru
 10581 | D:9      | Found a basalt altar of Yredelemnul.
 10849 | D:10     | Entered Level 10 of the Dungeon
 10888 | D:10     | Reached skill level 1 in Invocations
 10942 | D:10     | Noticed a two-headed ogre
 10988 | D:10     | Killed a two-headed ogre
 10989 | D:10     | Reached skill level 10 in Axes
 10989 | D:10     | Reached skill level 10 in Throwing
 11080 | D:10     | Noticed a gargoyle
 11092 | D:10     | Killed a gargoyle
 11172 | D:10     | Reached **** piety under Okawaru
 11173 | D:10     | Reached skill level 5 in Invocations
 11220 | D:11     | Noticed a gargoyle
 11533 | D:10     | Reached XP level 11. HP: 106/117 MP: 15/15
 12232 | D:11     | Noticed a cyclops
 12395 | D:11     | Noticed a death yak
 12722 | D:11     | Killed a cyclops
 12761 | D:11     | Noticed a tengu warrior
 12990 | D:11     | Found a staircase to the Lair.
 13023 | D:11     | Noticed an orc knight
 13044 | D:11     | Identified the ring "Lomosyloet" {rPois rN+ rCorr Stlth+}
 13044 | D:11     | Noticed a rakshasa
 13106 | D:11     | Noticed a cyclops
 13119 | D:11     | Killed a cyclops
 13119 | D:11     | Reached ***** piety under Okawaru
 13120 | D:11     | Reached skill level 10 in Invocations
 13130 | D:11     | HP: 5/117 [centaur/arrow (7)]
 13288 | D:10     | Killed an orc knight
 13428 | D:11     | Noticed a cyclops
 13459 | D:11     | Killed a cyclops
 13459 | D:11     | Received a gift from Okawaru
 13488 | D:11     | Identified the amulet of Muimn {Reflect SH+5 SInv Stlth+}
 13488 | D:11     | Noticed an arcanist
 13502 | D:11     | Killed an arcanist
 13503 | D:11     | Reached skill level 11 in Throwing
 13526 | D:11     | Noticed a boulder beetle
 13549 | D:11     | Killed a boulder beetle
 13628 | D:11     | Identified the ring of Axzudiwk {rCorr Str+4 SInv Stlth+}
 13628 | D:11     | Noticed a centaur warrior
 13644 | D:11     | Killed a centaur warrior
 13645 | D:11     | Reached XP level 12. HP: 87/126 MP: 19/19
 13689 | D:10     | Reached skill level 12 in Throwing
 13754 | D:11     | Killed a rakshasa
 13850 | D:11     | Killed a death yak
 13876 | D:11     | Found a staircase to the Orcish Mines.
 14046 | D:11     | Reached skill level 13 in Throwing
 14124 | D:11     | Noticed a two-headed ogre
 14137 | D:11     | Killed a two-headed ogre
 14214 | D:11     | Found a runed translucent door.
 14332 | D:11     | Identified the ring "Oboojaso" {Slay+3 SInv}
 14653 | D:3      | Killed THTSBRD's ghost
 14656 | D:3      | Identified a scroll of acquirement
 14656 | D:3      | Acquired the +5 hat of the Endless Runes {Rampage +Inv Fly}
 14848 | D:11     | Reached skill level 14 in Throwing
 14866 | Lair:1   | Entered Level 1 of the Lair of Beasts
 15001 | Lair:1   | Received a gift from Okawaru
 15226 | Lair:1   | Reached skill level 15 in Throwing
 15302 | D:11     | Reached ****** piety under Okawaru
 15412 | Lair:1   | Noticed a death yak
 15455 | Lair:1   | Reached XP level 13. HP: 103/133 MP: 20/20
 16333 | Lair:1   | Received a gift from Okawaru
 16429 | Lair:1   | Reached skill level 16 in Throwing
 16650 | Lair:1   | Identified the +2 long sword of Beyond {drain, Str+3 Int+2}
 17634 | Lair:2   | Noticed Amaemon
 17644 | Lair:2   | Received a gift from Okawaru
 17645 | Lair:2   | Killed Amaemon
 17845 | Lair:2   | Identified the +8 orcbow of Bloody Death {drain, rCorr
                  | Int+3 Stlth+}
 17855 | Lair:2   | Noticed Nergalle
 17974 | Lair:1   | Killed Nergalle
 18165 | Lair:2   | Found a hole to the Spider Nest.
 18952 | Lair:3   | Acquired a +1 vampiric executioner's axe
 18952 | Lair:3   | Received a gift from Okawaru
 19039 | Lair:3   | Received a gift from Okawaru
 19246 | Lair:3   | HP: 4/148 [meliai/+0 hand axe (7)]
 19246 | Lair:3   | HP: 1/148 [meliai/+0 hand axe (3)]
 19247 | Lair:3   | Reached skill level 15 in Fighting
 19247 | Lair:3   | Killed from afar by a manticore

Illustrated notes

Levels and vault maps discovered:
D:1:      dpeg_arrival_round_a, layout_basic
D:2:      layout_basic, dilly_ecumenical_altar_fadedgnrine
D:3:      layout_basic, mainiacjoe_overflow_alcove_1, gammafunk_ghost_grave
D:4:      layout_loops_corners, uniq_crazy_yiuf_cottage
D:5:      layout_basic, hellmonk_no_cap
D:6:      layout_basic, minmay_temple_entry_glass
D:7:      layout_loops_ring
D:8:      layout_rooms
D:9:      minmay_distorted_concentric_squares, layout_cave_pools,
          lemuel_tele_altar
D:10:     layout_small_grid, pond
D:11:     minmay_the_grid_triangle_9x9_recursive_3_mashed
          [minmay_the_grid_triangle_9x9_odd_lines,
          minmay_the_grid_triangle_9x9_steps,
          minmay_the_grid_triangle_9x9_thin_v,
          minmay_the_grid_triangle_9x9_prize_special,
          minmay_the_grid_triangle_9x9_sprig,
          minmay_the_grid_triangle_9x9_corrupted_corridor,
          minmay_the_grid_triangle_9x9_corruption,
          minmay_the_grid_triangle_9x9_checkered,
          minmay_the_grid_triangle_9x9_subtriangle], layout_cave_pools,
          david_lair_generic, orc_david_3
Temple:   mainiacjoe_temple_cubbyholes
Lair:1:   dreamdust_isle_of_ice, layout_regular_city
Lair:2:   layout_loops_ring, nicolae_spider_entry_tight_spaces,
          chequers_serial_rivers_large_a, worms_lemuel, uniq_nergalle,
          uniq_amaemon
Lair:3:   regret_index_tunnel_blossom, layout_regular_city,
          minmay_shoals_entry_hut, serial_bayou_shore_a, serial_bayou_shore_b,
          grunt_megastairs_4

Skill      XL: |  1  2  3  4  5  6  7  8  9 10 11 12 13 |
---------------+----------------------------------------+-----
Fighting       | 3 4 5 6 8 10 15 | 15.0
Dodging        | 3 |  3.0
Throwing       | 3 5 7 8 10 11 15 16 | 16.0
Axes           | 4 5 7 8 10 | 10.5
Invocations    | 6 10 | 10.0

Action                     |  1- 3 |  4- 6 |  7- 9 | 10-12 | 13-15 || total
---------------------------+-------+-------+-------+-------+-------++-------
  Melee: War axe           |    96 |   185 |   129 |       |       ||   410
         Punch             |     1 |     2 |     3 |    12 |    14 ||    32
         Whip              |       |       |   186 |   630 |   404 ||  1220
         Executioner's axe |       |       |       |       |    74 ||    74
  Throw: Stone             |    16 |     7 |       |       |       ||    23
         Dart              |       |    15 |    36 |   137 |    49 ||   237
         Boomerang         |       |       |       |    51 |    22 ||    73
         Large rock        |       |       |       |    17 |    18 ||    35
 Invoke: Heroism           |       |       |       |     3 |       ||     3
         Finesse           |       |       |       |     3 |       ||     3
         Receive Weapon    |       |       |       |       |     1 ||     1
  Evoke: Wand              |       |     1 |       |    11 |       ||    12
    Use: Potion            |     2 |       |       |    10 |     2 ||    14
         Scroll            |       |     9 |    10 |     8 |     5 ||    32
   Stab: Sleeping          |       |     2 |       |     1 |     4 ||     7
         Paralysed         |       |     3 |       |     8 |       ||    11
 Armour: Robe              |    83 |   127 |   261 |   232 |       ||   703
         Troll leather arm |       |       |       |   472 |   515 ||   987
  Dodge: Dodged            |    74 |    90 |   263 |   411 |   263 ||  1101
  Block: Other             |       |       |       |    36 |   116 ||   152

Table legend: (Time is in decaauts)
 A = Elapsed time spent in this place.
 B = Non-inter-level travel time spent in this place.
 C = Inter-level travel time spent in this place.
 D = Time resting spent in this place.
 E = Time spent auto-exploring this place.
 F = Levels seen in this place.
 G = Mean time per level.
                   A        B        C        D        E       F      G
               +--------+--------+--------+--------+--------+-----+--------+
         Total |  19139 |  17934 |   1205 |   3333 |   9330 |  15 | 1275.9 |
       Dungeon |  15434 |  14341 |   1093 |   2927 |   7504 |  11 | 1403.1 |
        Temple |     38 |      2 |     36 |      0 |      0 |   1 |   38.0 |
          Lair |   3666 |   3590 |     76 |    405 |   1826 |   3 | 1222.0 |
               +--------+--------+--------+--------+--------+-----+--------+

Top non-repeatable levels by time:
    D:11: 2111 daAuts
     D:8: 2000 daAuts
    D:10: 1900 daAuts
  Lair:1: 1845 daAuts
     D:9: 1656 daAuts
     D:4: 1462 daAuts
  Lair:2: 1388 daAuts
     D:3: 1308 daAuts
     D:6: 1100 daAuts
     D:1: 1024 daAuts
     D:2: 1021 daAuts
     D:5: 960 daAuts
     D:7: 888 daAuts
  Lair:3: 432 daAuts
  Temple: 38 daAuts
